 Seeded DCSS version 0.30.1-4-g462c640d31 (webtiles) character file.

Game seed: 6351066067085065685 (custom seed)

143301 Esekla the Eclecticist (level 16, -11/96 HPs)
             Began as a Deep Elf Wanderer on Sept 9, 2023.
             Was the Champion of Vehumet.
             Killed by the raging water
             ... invoked by a water nymph
              (38 damage)
             ... on level 1 of the Shoals.
             The game lasted 03:58:02 (26444 turns).

Esekla the Eclecticist (Deep Elf Wanderer)         Turns: 26444, Time: 03:58:03

Health: -11/96     AC: 26    Str:  9      XL:     16   Next: 52%
Magic:  37/42      EV: 15    Int: 29 (30) God:    Vehumet [******]
Gold:   4079       SH:  0    Dex: 11      Spells: 6/55 levels left

rFire   + . .        a - +12 pair of quick blades "Gyre" and "Gimble" {protect}
rCold   + . .        (shield currently unavailable)
rNeg    + . .        H - +0 troll leather armour
rPois   +            V - +2 helmet {Int+3}
rElec   +            Y - scarf {repulsion}
rCorr   .            U - +2 pair of gloves "Seteklek" {rF+ rC+}
SInv    .            g - +2 pair of boots {rampage}
Will    +....        y - amulet of magic regeneration
Stlth   +            P - ring of the Mage {Wiz Archmagi}
HPRegen 1.16/turn    L - ring of Greed {rElec rPois rN+ AC+4 Str-2}
MPRegen 0.68/turn

%: repel missiles, rampage, wizardry (x1), archmagi
@: radiating poison, under a protective aura, studying Fighting, very slow
A: no striking features
}: 1/15 runes: gossamer
a: Renounce Religion


You were on level 1 of the Shoals.
You worshipped Vehumet.
Vehumet was exalted by your worship.
You visited 5 branches of the dungeon, and saw 24 of its levels.
You also visited: Trove and Bailey.

You collected 6331 gold pieces.
You spent 2252 gold pieces at shops.

Inventory:

Hand Weapons
 a - the +12 pair of quick blades "Gyre" and "Gimble" (weapon) {protect}
   (You found it in a treasure trove)
 c - a +7 scimitar
 e - a +2 demon blade of electrocution
 f - a +4 scimitar of flaming
 r - a +4 trident of venom
 s - the +5 rapier of the Hero {heavy, rN+ Dex+3}
   (You found it on level 3 of the Dungeon)

   Dex:       It affects your dexterity (+3).
   rN:        It protects you from negative energy.
 v - a +2 rapier of venom
Missiles
 B - 62 poisoned darts
 I - 4 curare-tipped darts
 K - 12 boomerangs (quivered)
Armour
 g - a +2 pair of boots of rampaging (worn)
 H - a +0 troll leather armour (worn)
 N - a +1 cloak
 U - the +2 pair of gloves "Seteklek" (worn) {rF+ rC+}
   (You found it in a treasure trove)

   rF:        It protects you from fire.
   rC:        It protects you from cold.
 V - a +2 helmet of intelligence (worn)
 Y - a scarf of repulsion (worn)
Jewellery
 d - the ring of Descent {rPois rC+ Int+5 Stlth-}
   (You found it in a treasure trove)

   [ring of protection from cold]

   Int:       It affects your intelligence (+5).
   rC:        It protects you from cold.
   rPois:     It protects you from poison.
   Stlth:     It makes you less stealthy.
 t - a ring of ice
 u - a ring of see invisible
 y - an amulet of magic regeneration (around neck)
 L - the ring of Greed (right hand) {rElec rPois rN+ AC+4 Str-2}
   (You bought it in a shop on level 2 of the Dungeon)

   [ring of protection]

   AC:        It affects your AC (+4).
   Str:       It affects your strength (-2).
   rElec:     It insulates you from electricity.
   rPois:     It protects you from poison.
   rN:        It protects you from negative energy.
 P - the ring of the Mage (left hand) {Wiz Archmagi}
   (You bought it in a shop on level 2 of the Dungeon)

   [ring of wizardry]

   It improves your spell success rate.
   Archmagi:  It increases the power of your magical spells.
 R - the ring of Akemeir {Fire Str+4}
   (You found it in a treasure trove)

   [ring of fire]

   It enhances your fire magic.
   Str:       It affects your strength (+4).
   rF:        It protects you from fire.
   rC:        It makes you vulnerable to cold.
Wands
 C - a wand of flame (32)
 E - a wand of quicksilver (3)
 O - a wand of roots (13)
 Q - a wand of digging (9)
Scrolls
 i - 2 scrolls of identify
 j - 3 scrolls of enchant weapon
 l - a scroll of amnesia
 p - 3 scrolls of fog
 q - 2 scrolls of blinking
 w - 2 scrolls of silence
 x - 2 scrolls of magic mapping
 z - 4 scrolls of fear
 D - 10 scrolls of teleportation
 F - a scroll of poison
 X - 2 scrolls of enchant armour
Potions
 b - 4 potions of lignification
 h - 8 potions of attraction
 k - 6 potions of mutation
 m - a potion of might
 n - 6 potions of heal wounds
 o - 4 potions of brilliance
 A - 9 potions of haste
 G - 4 potions of magic
 J - 3 potions of cancellation
 M - 2 potions of curing
 S - 4 potions of flight
 T - 2 potions of resistance
 W - 6 potions of ambrosia


   Skills:
 * Level 9.1 Fighting
 * Level 8.1(8.2) Short Blades
 + Level 1.9(5.0) Long Blades
 + Level 3.5 Throwing
 * Level 6.9 Armour
 * Level 10.6 Dodging
 + Level 5.1 Stealth
 - Level 3.0 Shields
 * Level 20.4 Spellcasting
 + Level 5.0 Conjurations
 + Level 4.2 Hexes
 + Level 9.1 Necromancy
 + Level 4.0 Translocations
 + Level 6.7 Transmutations
 * Level 9.7 Fire Magic
 + Level 4.4 Ice Magic
 * Level 8.5 Air Magic
 * Level 7.4 Earth Magic
 + Level 6.3 Poison Magic
 + Level 1.0 Invocations
 + Level 1.4 Evocations


You had 6 spell levels left.
You knew the following spells:

 Your Spells              Type           Power      Damage    Failure   Level
a - Magic Dart            Conj           100%       1d8       1%          1
b - Blink                 Tloc           100%       N/A       1%          2
c - Mephitic Cloud        Conj/Pois/Air  80%        N/A       1%          3
d - Vampiric Draining     Necr           89%        2d12      1%          3
f - Fireball              Conj/Fire      41%        3d17      1%          5
k - Airstrike             Air            43%        2d(7-23)  1%          4
m - Flame Wave            Conj/Fire      83%        2d18      1%          4
n - Ignite Poison         Fire/Tmut/Pois 84%        N/A       1%          3
p - Apportation           Tloc           100%       N/A       1%          1
r - Frozen Ramparts       Ice            100%       1d16      1%          3
t - Teleport Other        Tloc           68%        N/A       1%          3
v - Poisonous Vapours     Pois/Air       100%       N/A       1%          2
w - Wereblood             Tmut           80%        N/A       1%          2
x - Olgreb's Toxic Radia  Pois           79%        N/A       1%          4
y - Sticky Flame          Conj/Fire      83%        2d9       1%          4
z - Freezing Cloud        Conj/Ice/Air   38%        6-21      1%          5

Your spell library contained the following spells:

 Spells                   Type           Power      Damage    Failure   Level
 Spellforged Servitor     Conj/Summ      30%        N/A       43%         7
 Foxfire                  Conj/Fire      100%       2x1d9     1%          1
 Sting                    Tmut/Pois      100%       1d8       1%          1
 Lesser Beckoning         Tloc           100%       N/A       1%          2
 Sublimation of Blood     Necr           89%        N/A       1%          2
 Dazzling Flash           Conj/Hex       100%       N/A       1%          3
 Gell's Gravitas          Tloc           68%        N/A       1%          3
 Hailstorm                Conj/Ice       71%        3d15      1%          3
 Portal Projectile        Hex/Tloc       100%       N/A       1%          3
 Spider Form              Tmut/Pois      79%        N/A       1%          3
 Vhi's Electric Charge    Tloc/Air       100%       N/A       1%          3
 Cause Fear               Hex            34%        N/A       1%          4
 Manifold Assault         Tloc           68%        N/A       1%          4
 Passage of Golubria      Tloc           68%        N/A       1%          4
 Arcjolt                  Conj/Air       40%        1d50      1%          5
 Silence                  Hex/Air        39%        N/A       1%          5
 Plasma Beam              Fire/Air       44%        2x1d64    1%          6
 Starburst                Conj/Fire      41%        6d12      1%          6
 Summon Ice Beast         Ice/Summ       59%        N/A       2%          4
 Summon Mana Viper        Hex/Summ       58%        N/A       9%          5
 Dispersal                Tloc           34%        N/A       21%         6
 Ignition                 Fire           46%        3d13      21%         8
 Maxwell's Capacitive Co  Air            43%        ∞         32%         8
 Lehudib's Crystal Spear  Conj/Erth      39%        10d10     58%         8
 Summon Hydra             Summ           22%        N/A       99%         7
 Disjunction              Tloc           34%        N/A       100%        8


Dungeon Overview and Level Annotations

Branches:
Dungeon (12/15)            Temple (0/1) D:6            Lair (5/5) D:11
 Shoals (1/4) Lair:2       Spider (4/4) Lair:3        Slime (0/5) Lair:5
    Orc (2/2) D:10            Elf (0/3) Orc:2        Bailey (visited)

Altars:
Dithmenos
Fedhas
Hepliaklqana
Nemelex Xobeh
Okawaru
Qazlal
Ru
Trog
Uskayaw
Vehumet
Zin
The Shining One
Jiyva

Shops:
D:2 =   D:4 (   D:11 *   Orc:2 **[:

Portals:
Pandemonium: Orc:2


Message History

The merfolk throws a boomerang.
The boomerang completely misses you.
You howl as the wereblood boils in your veins!
Splash!
You fall into the shallow water.
Moving in this stuff is going to be slow.
The water nymph gestures at you while chanting.
The water swirls and strikes you!!
Your primal bloodlust has ended.
Splash!
You fall into the shallow water.
Moving in this stuff is going to be slow.
The water nymph casts a spell at you. The water swirls and strikes you!!
Your unstable footing causes you to fumble your attack.
The merfolk throws a boomerang.
The boomerang barely misses you.
Your unstable footing causes you to fumble your attack.
Casting: Ignite Poison (safe; 1% risk of failure)
Confirm with . or Enter, or press ? or * to list all spells.
You feel a surge of power!
You begin to radiate toxic energy.
The merfolk is poisoned.
The water nymph is poisoned.
The merfolk looks even sicker.
The water nymph touches you. The water nymph drowns you!
You puncture the water nymph!
Your weapon exudes an aura of protection.
You puncture the water nymph!
The merfolk hits you but does no damage.
The water nymph touches you. The water nymph drowns you!
* * * LOW HITPOINT WARNING * * *
Casting: Olgreb's Toxic Radiance (safe; 1% risk of failure)
Confirm with . or Enter, or press ? or * to list all spells.
Aiming: Vampiric Draining (safe; 1% risk of failure)
Press: ? - help, Shift-Dir - straight line, f - water nymph
Aim: a water nymph (heavily wounded, poisoned)
You feel a surge of power!
You draw life force from the water nymph.
You feel life coursing into your body.
The merfolk throws a boomerang.
The boomerang closely misses you.
The water nymph points at you and mumbles some strange words.
The water swirls and strikes you!!!
You die...

≈≈≈≈≈≈≈≈≈≈≈≈≈≈≈≈≈
≈≈≈≈≈≈≈≈≈≈≈≈≈≈≈≈≈≈≈
≈≈≈≈≈≈≈≈≈≈≈≈≈≈≈≈≈≈≈≈
≈≈≈≈≈≈≈≈≈≈≈≈≈≈≈≈≈≈≈≈≈
≈≈≈≈≈≈≈~~~~~~~~~≈≈≈≈≈≈
≈≈≈≈≈≈≈~~~~~~~~~~~≈≈≈≈
≈≈≈≈≈≈≈~~~~~~~m~~~~≈≈≈
≈≈~~~~~~~.~~~m~..~~≈≈≈ ≈
≈≈~~~~~~~..~##@..~~≈≈≈≈≈
≈≈≈~~~~~~~...####..~~≈≈≈≈≈
~≈~~~~~~~....####..~~≈≈≈≈≈
~~~...~~~....##...~~≈≈≈≈≈≈
~~...........##...~~≈≈≈≈≈≈
~~................~~≈≈≈≈≈≈
~..$.............~~~≈≈≈≈≈≈
..~~~~~...........)~~≈≈≈≈≈
..~~~~~......###)..~~≈≈≈≈≈


You could see a merfolk (very poisoned) and a water nymph (poisoned).

Vanquished Creatures
  Mara (Spider:4)
  Rupert (Lair:4)
  9 emperor scorpions
  4 ghost moths
  2 orc warlords
  A broodmother (Spider:3)
  Azrael (Orc:2)
  2 spark wasps
  5 entropy weavers
  2 fire dragons (Lair:5)
  3 hydras
  Harold (D:9)
  A demonspawn (Orc:2)
  3 radroaches
  A catoblepas (Lair:5)
  3 jorogumos
  3 boulder beetles
  3 two-headed ogres
  3 orc high priests (Orc:2)
  2 pharaoh ants
  A sun moth (Spider:1)
  Lodul (D:11)
  5 sea snakes (Shoals:1)
  3 skysharks
  10 orb spiders
  Pikel (D:6)
  A swamp dragon (Lair:5)
  2 lindwurms (Lair:5)
  3 steelbarb worms
  An oklob plant (Lair:5)
  4 harpies (Shoals:1)
  An ugly thing (D:12)
  8 orc knights
  8 wolf spiders
  6 cyclopes
  9 orc sorcerers (Orc:2)
  3 moths of wrath
  Joseph (D:7)
  6 manticores (Shoals:1)
  9 fauns (Shoals:1)
  A merfolk siren (Lair:2)
  2 black mambas
  9 elephants (Lair:5)
  7 torpor snails
  A smoke demon (Orc:2)
  2 gargoyles
  3 demonic crawlers
  11 cane toads
  Psyche (D:11)
  3 rime drakes
  15 komodo dragons
  A kobold demonologist (D:9)
  A red devil (Orc:2)
  12 hornets
  6 merfolk
  A polar bear (D:11)
  7 trolls
  9 tarantellas
  3 tyrant leeches (Lair:5)
  A wind drake (Shoals:1)
  5 blink frogs (Lair:1)
  11 jumping spiders
  4 centaur simulacra (D:11)
  A vampire (D:12)
  7 culicivoras
  11 spriggans (Lair:3)
  33 yaks
  4 basilisks
  A chaos spawn (Orc:2)
  3 fire elementals (Orc:2)
  3 steam dragons
  5 wyverns
  29 redbacks
  Menkaure (D:7)
  3 wargs
  4 hell hounds (Orc:2)
  2 acid dragons (Lair:5)
  6 ice beasts
  14 water moccasins
  2 swamp drakes (Lair:5)
  A sky beast (D:6)
  43 orc warriors
  2 black bears
  17 ogres
  2 centaurs
  3 boggarts (Lair:3)
  12 wolves
  A phantom (D:7)
  Blork the orc (D:6)
  4 kobold brigands
  4 gnoll sergeants
  An earth elemental (D:11)
  10 bullfrogs
  3 scorpions
  10 wights
  21 killer bees
  2 howler monkeys (D:10)
  An electric eel (D:11)
  2 quasits (D:8)
  3 gnoll boudas
  6 hounds
  A jelly (D:6)
  Crazy Yiuf (D:7)
  32 orc priests
  12 hell rats
  7 iguanas
  A sleepcap (D:5)
  13 orc wizards
  33 gnolls
  9 adders
  2 shadow imps
  9 white imps
  2 ufetubi
  A worm (D:4)
  3 dart slugs
  95 orcs
  6 ball pythons
  4 endoplasms
  9 goblins
  7 hobgoblins
  A quokka (D:1)
  4 bats
  4 frilled lizards
  21 kobolds
  A rat (D:2)
  A butterfly (Lair:4)
807 creatures vanquished.

Vanquished Creatures (collateral kills)
  A spriggan (Lair:3)
1 creature vanquished.

Vanquished Creatures (others)
  A basilisk (Lair:5)
  An orc wizard (D:8)
2 creatures vanquished.

Grand Total: 810 creatures vanquished

Notes
Turn   | Place    | Note
-------+----------+-------------------------------------------
     0 | D:1      | Esekla the Deep Elf Wanderer began the quest for the Orb.
     0 | D:1      | Esekla set off with the following items: a +0 club, a
                  | potion of lignification, a +0 robe, a +0 buckler; and the
                  | following spells available to memorise: Apportation, Blink,
                  | Lesser Beckoning, Magic Dart, Ignite Poison, Vampiric
                  | Draining.
     0 | D:1      | Reached XP level 1. HP: 10/10 MP: 7/7
     2 | D:1      | Learned a level 1 spell: Magic Dart
     4 | D:1      | Learned a level 1 spell: Apportation
   422 | D:4      | Found a radiant altar of Vehumet.
   433 | D:4      | Found an iron altar of Okawaru.
   443 | D:4      | Found a glowing silver altar of Zin.
   523 | D:4      | Became a worshipper of Vehumet
   735 | D:3      | Reached XP level 2. HP: 15/15 MP: 5/9
   738 | D:3      | Learned a level 2 spell: Blink
   981 | D:2      | Noticed a black bear
  1053 | D:1      | Reached skill level 5 in Spellcasting
  1363 | D:1      | Reached * piety under Vehumet
  1363 | D:1      | Offered knowledge of Foxfire by Vehumet.
  1460 | D:1      | Reached XP level 3. HP: 10/19 MP: 8/11
  1470 | D:1      | Learned a level 3 spell: Vampiric Draining
  1643 | D:1      | Learned a level 3 spell: Teleport Other
  1671 | D:1      | Reached skill level 1 in Dodging
  1875 | D:2      | Found Renulab's Jewellery Shop.
  1966 | D:3      | Reached skill level 1 in Necromancy
  2121 | D:3      | Identified the +5 rapier of the Hero {heavy, rN+ Dex+3}
  2308 | D:3      | Found a stormy altar of Qazlal.
  2326 | D:3      | Reached XP level 4. HP: 24/24 MP: 10/13
  2376 | D:3      | Found a hazy altar of Hepliaklqana.
  2405 | D:3      | Found a bloodstained altar of Trog.
  2548 | D:4      | Found Ponaysk's Antique Weapon Boutique.
  2939 | D:4      | Found a glowing golden altar of the Shining One.
  3027 | D:3      | Reached skill level 6 in Spellcasting
  3108 | D:5      | Entered Level 5 of the Dungeon
  3116 | D:5      | Got the Parchment of the Lumpy Olives
  3128 | D:5      | Found a shadowy altar of Dithmenos.
  3197 | D:5      | Reached XP level 5. HP: 8/28 MP: 13/15
  3351 | D:5      | Reached skill level 1 in Conjurations
  3356 | D:5      | Reached skill level 7 in Spellcasting
  3535 | D:2      | Reached XP level 6. HP: 32/32 MP: 18/18
  3680 | D:2      | Found a faded altar of an unknown god.
  3818 | D:2      | Reached ** piety under Vehumet
  3818 | D:2      | Offered knowledge of Momentum Strike by Vehumet.
  3819 | D:2      | Reached skill level 1 in Short Blades
  4503 | D:4      | Reached skill level 8 in Spellcasting
  4511 | D:4      | Reached XP level 7. HP: 28/36 MP: 10/20
  5254 | D:6      | Reached skill level 9 in Spellcasting
  5321 | D:6      | Found a staircase to the Ecumenical Temple.
  5623 | D:7      | Reached XP level 8. HP: 25/41 MP: 18/23
  5694 | D:7      | Found a runed translucent door.
  5696 | D:7      | Noticed Crazy Yiuf
  5704 | D:7      | Killed Crazy Yiuf
  5704 | D:7      | Offered knowledge of Dazzling Flash by Vehumet.
  5705 | D:7      | Reached skill level 5 in Necromancy
  5715 | D:7      | Learned a level 3 spell: Dazzling Flash
  5970 | D:7      | Noticed Menkaure
  5977 | D:7      | Killed Menkaure
  6156 | D:7      | Reached skill level 10 in Spellcasting
  6239 | D:7      | Reached *** piety under Vehumet
  6340 | D:7      | Reached skill level 1 in Throwing
  6424 | D:7      | Noticed Joseph
  6538 | D:6      | Noticed Pikel
  6629 | D:6      | Killed Pikel
  6630 | D:6      | Reached skill level 1 in Hexes
  6630 | D:6      | Reached XP level 9. HP: 23/45 MP: 13/25
  6720 | D:6      | Reached skill level 11 in Spellcasting
  7078 | D:6      | Noticed Blork the orc
  7097 | D:6      | Killed Blork the orc
  7097 | D:6      | Offered knowledge of Frozen Ramparts by Vehumet.
  7103 | D:6      | Learned a level 3 spell: Frozen Ramparts
  7280 | D:6      | Reached skill level 1 in Ice Magic
  7286 | D:6      | Found a blossoming altar of Fedhas.
  7402 | D:7      | Reached skill level 5 in Dodging
  7585 | D:7      | Killed Joseph
  7944 | D:8      | Reached skill level 12 in Spellcasting
  7960 | D:8      | Reached **** piety under Vehumet
  7976 | D:8      | Found a hide-covered altar of Uskayaw.
  8094 | D:8      | Offered knowledge of Airstrike by Vehumet.
  8151 | D:7      | Learned a level 4 spell: Airstrike
  8437 | D:8      | Found a transporter.
  8437 | D:8      | Found a transporter.
  8446 | D:8      | Learned a level 3 spell: Ignite Poison
  8446 | D:8      | Found a transporter.
  8451 | D:8      | Found a transporter.
  8494 | D:8      | Noticed a two-headed ogre
  8497 | D:8      | Killed a two-headed ogre
  8498 | D:8      | Reached skill level 1 in Transmutations
  8498 | D:8      | Reached skill level 1 in Air Magic
  8498 | D:8      | Reached XP level 10. HP: 50/50 MP: 28/28
  8968 | D:9      | Found a flagged portal.
  8987 | Bailey   | Entered a bailey
  9021 | Bailey   | Reached skill level 1 in Fire Magic
  9213 | Bailey   | Identified the +2 bardiche of Puhoisos {heavy, rElec
                  | Stlth+}
  9385 | Bailey   | Noticed an orc knight
  9385 | Bailey   | Noticed an orc knight
  9445 | Bailey   | Reached ***** piety under Vehumet
  9447 | Bailey   | Killed an orc knight
  9448 | Bailey   | Reached skill level 1 in Evocations
  9503 | Bailey   | Killed an orc knight
  9787 | D:9      | Offered knowledge of Flame Wave by Vehumet.
  9793 | D:9      | Learned a level 4 spell: Flame Wave
  9823 | D:9      | Reached skill level 13 in Spellcasting
  9830 | D:9      | Reached skill level 1 in Fighting
  9977 | D:9      | Noticed a cyclops
  9989 | D:9      | Killed a cyclops
 10004 | D:9      | Noticed a cyclops
 10036 | D:9      | Killed a cyclops
 10121 | D:9      | Noticed Harold
 10198 | D:9      | Found a sparkling altar of Nemelex Xobeh.
 10205 | D:9      | Noticed a two-headed ogre
 10212 | D:9      | Killed a two-headed ogre
 10213 | D:9      | Reached XP level 11. HP: 57/57 MP: 30/30
 10498 | D:9      | Killed Harold
 10499 | D:9      | Reached skill level 1 in Long Blades
 10995 | D:10     | Entered Level 10 of the Dungeon
 11027 | D:10     | Found a staircase to the Orcish Mines.
 11043 | Orc:1    | Entered Level 1 of the Orcish Mines
 11045 | Orc:1    | Noticed an orc knight
 11160 | Orc:1    | Killed an orc knight
 11161 | Orc:1    | Reached skill level 14 in Spellcasting
 11433 | D:2      | Bought the ring of the Mage {Wiz Archmagi} for 714 gold
                  | pieces
 11433 | D:2      | Found the ring of the Mage {Wiz Archmagi}
 11751 | D:11     | Noticed Lodul
 11967 | D:10     | Reached skill level 1 in Armour
 12201 | D:10     | Found a sacrificial altar of Ru.
 13111 | D:11     | Found Fagafuf's Pet Rocks.
 13140 | D:11     | Reached XP level 12. HP: 67/67 MP: 32/32
 13192 | D:11     | Got Simple Magic
 13217 | D:11     | Noticed Psyche
 13218 | D:11     | Noticed a two-headed ogre
 13224 | D:11     | Killed Psyche
 13234 | D:11     | Killed a two-headed ogre
 13235 | D:11     | Reached skill level 15 in Spellcasting
 13459 | D:12     | Learned a level 2 spell: Wereblood
 13549 | D:12     | Found a portal to a secret trove of treasure.
 13781 | D:12     | Learned a level 2 spell: Poisonous Vapours
 13785 | D:12     | Learned a level 3 spell: Mephitic Cloud
 13791 | D:12     | Learned a level 5 spell: Freezing Cloud
 13978 | D:12     | Learned a level 5 spell: Fireball
 13981 | Trove    | Entered a treasure trove
 13986 | Trove    | Found the +8 mithril axe "Arga" {speed, Will+}
 13986 | Trove    | Found the +12 pair of quick blades "Gyre" and "Gimble"
                  | {protect}
 13990 | Trove    | Identified the ring of Akemeir {Fire Str+4}
 13994 | Trove    | Identified the +2 pair of gloves "Seteklek" {rF+ rC+}
 14018 | Trove    | Identified the ring of Descent {rPois rC+ Int+5 Stlth-}
 14033 | Trove    | Identified the +3 ring mail "Poady" {+Inv rF+ Dex+2 Slay-4}
 14417 | D:11     | Reached skill level 1 in Earth Magic
 14498 | D:11     | Found a staircase to the Lair.
 14583 | D:11     | Killed Lodul
 14584 | D:11     | Reached skill level 5 in Fighting
 14588 | D:11     | Reached skill level 1 in Poison Magic
 14954 | D:2      | Bought the ring of Greed {rElec rPois rN+ AC+4 Str-2} for
                  | 758 gold pieces
 15124 | Lair:1   | Entered Level 1 of the Lair of Beasts
 15242 | Lair:1   | Reached skill level 5 in Transmutations
 15748 | Lair:1   | Reached skill level 5 in Fire Magic
 15753 | Lair:1   | Reached skill level 5 in Air Magic
 16175 | Lair:2   | Reached skill level 16 in Spellcasting
 16521 | Lair:2   | Reached XP level 13. HP: 74/74 MP: 35/35
 16540 | Lair:2   | Found a transporter.
 16540 | Lair:2   | Found a transporter.
 16600 | Lair:2   | Found a staircase to the Shoals.
 16841 | Lair:3   | Found a hole to the Spider Nest.
 17197 | Lair:3   | Identified the +3 leather armour of Okawaru's Inspiration
                  | {Str+4}
 18222 | Lair:4   | Noticed Rupert
 18231 | Lair:4   | Killed Rupert
 18319 | Lair:4   | Reached skill level 17 in Spellcasting
 18598 | Lair:5   | Entered Level 5 of the Lair of Beasts
 18816 | Lair:5   | Found a viscous altar of Jiyva.
 18817 | Lair:5   | Found a staircase to the Slime Pits.
 18848 | Lair:5   | Reached skill level 5 in Armour
 18951 | Lair:5   | Found a runed translucent door.
 18951 | Lair:5   | Noticed a fire dragon
 19019 | Lair:5   | Reached skill level 5 in Short Blades
 19052 | Lair:5   | Reached XP level 14. HP: 75/80 MP: 32/37
 19245 | Lair:5   | Learned a level 4 spell: Sticky Flame
 19397 | Lair:5   | Reached skill level 5 in Earth Magic
 19688 | Lair:5   | Got Utragud's Papyrus of the Inquisitive Olives
 20099 | Orc:2    | Entered Level 2 of the Orcish Mines
 20270 | Orc:2    | Offered knowledge of Yara's Violent Unravelling by Vehumet.
 20418 | Orc:2    | Found Roezostra's General Store.
 20429 | Orc:2    | Reached skill level 18 in Spellcasting
 20480 | Orc:2    | Found Bamnuus's General Store.
 20530 | Orc:2    | Noticed an orc warlord
 20566 | Orc:2    | Killed an orc warlord
 20583 | Orc:2    | Found a staircase to the Elven Halls.
 20719 | Orc:2    | Noticed Azrael
 20729 | Orc:2    | Killed Azrael
 20774 | Orc:2    | Reached skill level 5 in Poison Magic
 20799 | Orc:2    | Offered knowledge of Arcjolt by Vehumet.
 20881 | Orc:2    | Found Jyohez's Book Shop.
 20881 | Orc:2    | Found a one-way gate leading to the halls of Pandemonium.
 20881 | Orc:2    | Found Huzal's Antique Armour Boutique.
 20883 | Orc:2    | Bought a Young Poisoner's Handbook for 300 gold pieces
 20885 | Orc:2    | Bought a runed helmet for 270 gold pieces
 20903 | Orc:2    | Learned a level 4 spell: Olgreb's Toxic Radiance
 21065 | Orc:1    | Noticed an orc warlord
 21073 | Orc:1    | Killed an orc warlord
 21074 | Orc:1    | Reached XP level 15. HP: 87/87 MP: 39/39
 21376 | Spider:1 | Entered Level 1 of the Spider Nest
 21424 | Spider:1 | Identified the +1 pair of boots of Piysunuo {Str+3}
 22039 | Spider:1 | Acquired 898 gold pieces
 22040 | Spider:1 | Acquired 691 gold pieces
 22041 | Spider:1 | Acquired 918 gold pieces
 22314 | D:2      | Bought a ring of see invisible for 210 gold pieces
 23255 | Spider:3 | Noticed an emperor scorpion
 23273 | Spider:3 | Killed an emperor scorpion
 23274 | Spider:3 | Reached skill level 19 in Spellcasting
 23325 | Spider:3 | Offered knowledge of Iron Shot by Vehumet.
 23383 | Spider:3 | Noticed an emperor scorpion
 23401 | Spider:3 | Killed an emperor scorpion
 24187 | Spider:3 | Reached skill level 10 in Dodging
 24325 | Spider:4 | Entered Level 4 of the Spider Nest
 24343 | Spider:4 | Noticed Mara
 24350 | Spider:4 | Noticed Esekla's illusion
 24368 | Spider:4 | Killed Mara
 24546 | Spider:4 | Noticed an emperor scorpion
 24574 | Spider:4 | Killed an emperor scorpion
 24689 | Spider:4 | Reached skill level 5 in Stealth
 24966 | Spider:4 | Noticed an emperor scorpion
 24975 | Spider:4 | Reached XP level 16. HP: 94/94 MP: 31/41
 25229 | Spider:4 | Reached skill level 5 in Conjurations
 25357 | Spider:4 | Reached skill level 20 in Spellcasting
 25592 | Spider:4 | Got a gossamer rune of Zot
 26016 | Shoals:1 | Entered Level 1 of the Shoals
 26178 | Shoals:1 | Reached ****** piety under Vehumet
 26316 | Shoals:1 | Offered knowledge of Spellforged Servitor by Vehumet.
 26444 | Shoals:1 | Killed from afar by a water nymph

Illustrated notes

Levels and vault maps discovered:
D:1:      sevenhm_arrival_forest_fort_small_3, layout_rooms,
          chequers_serial_rivers_room_b, minmay_misc_feat_five
D:2:      layout_loops_ring, dreamdust_ecumenical_altar_angels_and_demons,
          serial_shops, shop
D:3:      layout_basic, grunt_temple_overflow_open, minmay_misc_feat_iff
D:4:      layout_basic, nicolae_overflow_quartered_altars, serial_shops,
          nicolae_diamond_shop
D:5:      layout_loops_ring, lemuel_doored_altar, minmay_misc_feat_rows,
          dreamdust_wishing_well
D:6:      layout_loops_cross, fedhas_altar_fruit_tree,
          minmay_temple_entry_glass, uniq_pikel, uniq_blork_the_orc
D:7:      layout_basic, uniq_menkaure, uniq_joseph, uniq_crazy_yiuf_cottage
D:8:      layout_basic, nicolae_uskayaw_dance_hall, serial_demonic,
          serial_demonic_d, serial_demonic_a, serial_demonic_c,
          serial_demonic_c, nicolae_diode_quadrants
D:9:      layout_irregular_city, kennysheep_little_box, enter_bailey_4,
          minmay_between, uniq_harold
D:10:     layout_basic, nicolae_ru_awakened_eye
D:11:     layout_rooms, hellmonk_lair_entry_icy, serial_ice, serial_ice_j,
          serial_ice_m, serial_ice_o, serial_ice_c, serial_ice_g, serial_ice_f,
          guppyfry_shop_earth, uniq_psyche, uniq_lodul
D:12:     layout_roguey, nicolae_trove_entry_crossroad
Lair:1:   layout_small_grid
Lair:2:   gammafunk_boulding_lane, layout_small_grid, elwin_shoals_entry_rooms
Lair:3:   kb_forest_paths, layout_chaotic_city, spider_nest_entry_rubble
Lair:4:   layout_hall_layers, grunt_megastairs_3, lemuel_fruit_fields,
          uniq_rupert
Lair:5:   guppyfry_lair_end_dragon, layout_misc_corridors, wormcave,
          dpeg_slime_entry_enclosed
Shoals:1: layout_shoals, nicolae_shoals_nautilus_by_nature
Spider:1: layout_spider_delve, nicolae_spider_some_kinda_spiderbox
Spider:2: layout_spider_delve, nicolae_spider_twisty_arc_passages
Spider:3: layout_chambers, nicolae_orb_stairs
Spider:4: grunt_spider_rune_circles, guppyfry_hornet_nest, uniq_mara
Orc:1:    layout_caves
Orc:2:    pf_orc_diabolical, layout_diamond_mine, uniq_azrael

Skill      XL: |  1  2  3  4  5  6  7  8  9 10 11 12 13 14 15 16 |
---------------+-------------------------------------------------+-----
Spellcasting   | 5 6 7 8 9 10 12 13 14 16 17 18 19 20 | 20.4
Stealth        | 2 3 4 5 |  5.1
Dodging        | 1 2 3 4 5 6 7 8 9 10 | 10.6
Necromancy     | 1 2 3 4 6 7 8 9 |  9.1
Conjurations   | 1 2 3 4 5 |  5.0
Short Blades   | 1 2 3 5 6 7 8 |  8.1
Shields        | 2 3 |  3.0
Throwing       | 2 3 |  3.5
Hexes          | 1 4 |  4.2
Translocations | 3 4 |  4.0
Ice Magic      | 3 4 |  4.4
Transmutations | 1 3 4 5 6 |  6.7
Air Magic      | 1 2 3 5 7 8 |  8.5
Fire Magic     | 2 4 5 7 8 9 |  9.7
Evocations     | 1 |  1.4
Fighting       | 2 4 5 6 7 8 9 |  9.1
Long Blades    | 1 |  1.9
Armour         | 2 3 5 6 |  6.9
Earth Magic    | 3 4 5 6 7 |  7.4
Poison Magic   | 1 4 5 6 |  6.3
Invocations    | |  1.0

Action                     |  1- 3 |  4- 6 |  7- 9 | 10-12 | 13-15 | 16-18 || total
---------------------------+-------+-------+-------+-------+-------+-------++-------
  Melee: Short sword       |    65 |    23 |       |       |       |       ||    88
         Rapier            |       |     9 |    65 |    19 |       |       ||    93
         Dagger            |       |   103 |   146 |     8 |       |       ||   257
         Scimitar          |       |       |    13 |    92 |       |       ||   105
         Trident           |       |       |       |     2 |     4 |       ||     6
         Pair of quick bla |       |       |       |    85 |   330 |    93 ||   508
  Throw: Dart              |       |     7 |    42 |    66 |       |       ||   115
         Boomerang         |       |       |       |     9 |    15 |     2 ||    26
   Cast: Apportation       |    30 |    11 |    21 |    27 |    42 |    10 ||   141
         Magic Dart        |    58 |    26 |    31 |     1 |     1 |       ||   117
         Vampiric Draining |     4 |    39 |    94 |   101 |    14 |    31 ||   283
         Teleport Other    |       |       |    12 |       |       |       ||    12
         Dazzling Flash    |       |       |    11 |    11 |       |       ||    22
         Blink             |       |       |     1 |     7 |     3 |       ||    11
         Frozen Ramparts   |       |       |     3 |    30 |    13 |     6 ||    52
         Ignite Poison     |       |       |     1 |    27 |   138 |    26 ||   192
         Flame Wave        |       |       |       |    19 |       |       ||    19
         Poisonous Vapours |       |       |       |    40 |   191 |    29 ||   260
         Freezing Cloud    |       |       |       |    12 |    45 |     5 ||    62
         Airstrike         |       |       |       |    10 |     9 |       ||    19
         Wereblood         |       |       |       |     8 |    29 |     5 ||    42
         Mephitic Cloud    |       |       |       |     3 |    22 |       ||    25
         Sticky Flame      |       |       |       |       |    18 |    13 ||    31
         Olgreb's Toxic Ra |       |       |       |       |    13 |     6 ||    19
  Evoke: Wand              |       |       |    13 |    22 |     3 |       ||    38
    Use: Scroll            |     1 |       |     8 |    15 |     9 |     1 ||    34
         Potion            |       |     2 |     4 |     3 |     3 |     2 ||    14
   Stab: Sleeping          |     6 |     1 |     7 |     5 |    10 |     1 ||    30
         Invisible         |       |       |     1 |     1 |       |       ||     2
         Distracted        |       |       |       |     1 |     1 |       ||     2
         Confused          |       |       |       |     2 |     4 |       ||     6
 Armour: Robe              |    34 |    27 |    66 |    69 |       |       ||   196
         Skin              |       |    11 |    13 |     3 |       |       ||    27
         Troll leather arm |       |       |       |    21 |   145 |   143 ||   309
  Dodge: Dodged            |    47 |    74 |   184 |   242 |   156 |   159 ||   862
         Repelled          |       |       |       |       |       |     2 ||     2
  Block: Buckler           |    14 |    27 |    70 |    72 |       |       ||   183
